Map: Orbital Shipyard

Players

Chris (MCanning) - Winner!

  • Race: Protoss Protoss
  • League: Master

Frozt

  • Race: Protoss Protoss
  • League: Master

VOD

Have the link to the VOD?

Description

Time

  • Played on: Nov. 14, 2015, 11:29 p.m.
  • Length: 11:13
Show
View Real Time Build Order
Export as new Build Order

Chris Protoss - Winner!

Build Orders: 1 Gate Expand 

Get SALT Encoding   

  12  0:01  Probe (Chrono Boost)  
  13  0:11  Probe (Chrono Boost)  
  14  0:18  Pylon  
  14  0:22  Probe (Chrono Boost)  
  15  0:36  Probe (Chrono Boost)  
  15  0:40  Gateway  
  16  0:46  Probe (Chrono Boost)  
  18  0:57  Probe (Chrono Boost), Assimilator  
  18  1:07  Probe (Chrono Boost)  
  19  1:24  Nexus  
  19  1:28  Probe (Chrono Boost)  
  20  1:38  Cybernetics Core, Probe (Chrono Boost)  
  21  1:44  Assimilator  
  21  1:49  Probe (Chrono Boost)  
  21  1:52  Pylon  
  22  1:59  Probe (Chrono Boost)  
  23  2:11  Probe (Chrono Boost)  
  24  2:22  Mothership Core (Chrono Boost)  
  26  2:23  Adept  
  26  2:25  Pylon  
  26  2:27  Warp Gate  
  29  2:37  Probe (Chrono Boost)  
  29  2:40  Probe (Chrono Boost), Pylon  
  30  2:47  Probe (Chrono Boost)  
  30  2:50  Stalker  
  30  2:51  Probe (Chrono Boost)  
  34  2:58  Probe (Chrono Boost)  
  35  3:01  Probe (Chrono Boost)  
  36  3:09  Probe (Chrono Boost)  
  36  3:12  Probe (Chrono Boost)  
  38  3:13  Twilight Council  
  38  3:19  Probe (Chrono Boost)  
  39  3:20  Sentry  
  39  3:22  Probe (Chrono Boost)  
  42  3:30  Probe (Chrono Boost)  
  42  3:33  Probe (Chrono Boost)  
  44  3:37  Gateway  
  44  3:38  Gateway  
  44  3:40  Probe (Chrono Boost)  
  45  3:43  Probe (Chrono Boost)  
  45  3:51  Probe (Chrono Boost)  
  45  3:55  Probe (Chrono Boost)  
  46  3:58  Assimilator  
  46  4:00  Probe (Chrono Boost)  
  47  4:03  Assimilator  
  47  4:05  Probe (Chrono Boost)  
  47  4:07  Blink (Chrono Boost)  
  47  4:10  Probe  
  47  4:13  Robotics Facility  
  48  4:17  Probe (Chrono Boost)  
  48  4:21  Probe (Chrono Boost)  
  50  4:29  Probe (Chrono Boost)  
  51  4:33  Probe (Chrono Boost)  
  51  4:38  Stalker  
  54  4:40  Probe (Chrono Boost)  
  54  4:41  Stalker  
  54  4:43  Probe (Chrono Boost)  
  58  4:50  Probe (Chrono Boost)  
  59  4:54  Probe (Chrono Boost), Forge  
  59  4:58  Pylon  
  59  4:59  Stalker  
  62  5:04  Pylon  
  62  5:13  Pylon  
  62  5:14  Nexus  
  62  5:16  Probe (Chrono Boost)  
  62  5:19  Pylon  
  62  5:21  Probe (Chrono Boost)  
  64  5:23  Robotics Bay, Protoss Ground Weapons Level 1 (Chrono Boost)  
  64  5:26  Probe (Chrono Boost)  
  64  5:28  Pylon  
  65  5:39  Pylon  
  65  5:40  Probe, Immortal (Chrono Boost)  
  70  5:52  Probe, Gateway  
  70  5:53  Gateway  
  70  5:55  Probe  
  73  6:04  Probe, Photon Cannon  
  73  6:07  Photon Cannon  
  73  6:12  Probe  
  73  6:16  Disruptor (Chrono Boost)  
  77  6:22  Probe (Chrono Boost)  
  77  6:26  Probe x2 (Chrono Boost)  
  77  6:32  Stalker x3, Probe (Chrono Boost)  
  85  6:37  Probe  
  87  6:40  Robotics Facility  
  87  6:44  Probe  
  88  6:50  Photon Cannon  
  91  6:56  Warp Prism (Chrono Boost)  
  91  6:57  Probe  
  91  7:02  Probe  
  91  7:03  Gateway  
  91  7:04  Gateway  
  91  7:06  Probe, Assimilator  
  91  7:07  Protoss Ground Weapons Level 2 (Chrono Boost)  
  93  7:09  Probe  
  93  7:12  Assimilator  
  93  7:13  Probe  
  93  7:15  Templar Archives  
  95  7:17  Pylon  
  95  7:18  Zealot  
  95  7:19  Zealot  
  95  7:22  Probe  
  100  7:24  Probe  
  100  7:27  Disruptor x2 (Chrono Boost)  
  107  7:35  Stalker x2  
  111  7:37  Probe  
  112  7:46  Gateway  
  112  7:47  Gateway  
  112  7:53  Pylon  
  112  7:58  Probe, Disruptor (Chrono Boost)  
  116  7:59  Disruptor (Chrono Boost)  
  116  8:05  Probe  
  119  8:08  Probe  
  120  8:12  Probe  
  120  8:13  Photon Cannon  
  120  8:16  Probe, Pylon, Photon Cannon  
  120  8:18  Photon Cannon  
  120  8:19  Stalker x2  
  125  8:20  Stalker  
  127  8:28  Dark Shrine  
  127  8:31  Disruptor (Chrono Boost)  
  130  8:34  Pylon, High Templar x2  
  130  8:41  High Templar x2, Archon  
  136  8:46  Pylon  
  136  8:47  Archon  
  139  8:51  Stalker x3  
  144  8:56  Observer (Chrono Boost)  
  144  8:58  Nexus  
  144  9:01  Pylon  
  144  9:02  Pylon x2  
  145  9:03  Pylon  
  145  9:04  Pylon  
  145  9:20  Probe  
  146  9:24  Charge  
  144  9:31  Photon Cannon  
  144  9:34  Photon Cannon  
  144  9:36  Photon Cannon  
  152  9:41  Assimilator  
  152  9:42  Dark Templar  
  152  9:43  Immortal (Chrono Boost), Dark Templar  
  152  9:45  Assimilator  
  152  9:46  Dark Templar, Zealot x2  
  158  9:55  Immortal (Chrono Boost)  
  158  9:58  Pylon  
  162  10:06  Zealot  
  164  10:07  Zealot  
  164  10:08  Zealot  
  164  10:13  Zealot  
  168  10:17  Probe  
  168  10:20  Probe  
  172  10:21  Disruptor (Chrono Boost)  
  172  10:23  Zealot x3  
  172  10:24  Zealot x2  
  183  10:34  Disruptor (Chrono Boost)  
  184  10:39  Stalker x4  
  190  10:47  Probe  
  187  10:54  Zealot x4  
  178  11:10  Stalker x3  
  178  11:11  Stalker x2  
Show
View Real Time Build Order
Export as new Build Order

Frozt Protoss 

Build Orders: 1 Gate Expand 

Get SALT Encoding   

  12  0:01  Probe (Chrono Boost)  
  13  0:14  Pylon  
  13  0:17  Probe (Chrono Boost)  
  14  0:28  Probe (Chrono Boost)  
  15  0:37  Gateway  
  15  0:38  Probe (Chrono Boost)  
  16  0:49  Probe (Chrono Boost)  
  17  1:10  Nexus  
  17  1:14  Probe (Chrono Boost)  
  18  1:25  Cybernetics Core  
  18  1:29  Assimilator  
  18  1:33  Assimilator  
  18  1:36  Probe (Chrono Boost)  
  19  1:47  Probe (Chrono Boost)  
  20  1:49  Pylon  
  20  1:57  Probe (Chrono Boost)  
  21  2:01  Adept (Chrono Boost)  
  23  2:08  Probe  
  23  2:11  Warp Gate (Chrono Boost)  
  24  2:20  Probe  
  24  2:21  Probe  
  26  2:27  Adept (Chrono Boost)  
  28  2:31  Probe  
  29  2:43  Mothership Core, Pylon  
  31  2:46  Probe  
  32  2:52  Adept (Chrono Boost)  
  32  2:56  Probe  
  35  3:04  Probe  
  36  3:07  Probe  
  37  3:16  Probe  
  37  3:17  Probe  
  37  3:18  Robotics Facility  
  39  3:25  Pylon  
  39  3:28  Probe x2  
  39  3:34  Gateway  
  41  3:38  Probe  
  41  3:40  Probe  
  43  3:53  Probe  
  40  3:56  Probe  
  41  4:05  Gateway, Immortal (Chrono Boost)  
  41  4:06  Gateway  
  45  4:11  Probe  
  45  4:16  Twilight Council  
  44  4:19  Stalker  
  44  4:23  Pylon  
  46  4:28  Forge  
  46  4:29  Probe  
  46  4:31  Pylon  
  47  4:33  Stalker  
  49  4:41  Pylon, Assimilator  
  49  4:47  Immortal (Chrono Boost)  
  49  4:49  Probe  
  49  4:52  Assimilator  
  54  4:56  Blink (Chrono Boost)  
  54  5:01  Protoss Ground Weapons Level 1 (Chrono Boost)  
  54  5:07  Photon Cannon  
  54  5:11  Gateway  
  54  5:17  Sentry  
  54  5:19  Probe  
  57  5:25  Immortal  
  61  5:32  Pylon  
  61  5:34  Pylon  
  61  5:39  Gateway  
  61  5:40  Gateway  
  61  5:49  Photon Cannon  
  61  5:55  Stalker x2  
  65  6:05  Observer  
  66  6:12  Probe  
  67  6:20  Nexus  
  67  6:22  Probe, Pylon  
  68  6:29  Immortal  
  72  6:40  Probe  
  72  6:46  Pylon, Photon Cannon  
  73  6:48  Pylon  
  73  6:49  Pylon  
  73  6:54  Probe  
  74  6:56  Protoss Ground Weapons Level 2 (Chrono Boost)  
  74  6:58  Assimilator  
  74  7:04  Assimilator  
  74  7:05  Templar Archives  
  74  7:18  Probe  
  74  7:19  Forge  
  74  7:20  Sentry  
  74  7:21  Charge  
  77  7:25  Observer  
  77  7:26  Probe  
  77  7:29  Photon Cannon  
  79  7:32  Probe  
  79  7:33  Probe, Pylon  
  79  7:36  Probe  
  82  7:46  Warp Prism  
  82  7:48  Probe  
  82  7:49  Probe  
  82  7:50  Probe  
  87  8:00  Zealot x3  
  87  8:03  Probe x2  
  87  8:04  Probe  
  96  8:13  Probe  
  96  8:15  Protoss Ground Armor Level 1 (Chrono Boost)  
  96  8:16  Probe  
  98  8:23  High Templar  
  98  8:24  High Templar x2  
  98  8:25  High Templar x2  
  98  8:26  High Templar  
  110  8:27  Zealot  
  110  8:32  Archon  
  110  8:33  Archon x2  
  112  8:36  Probe  
  112  8:37  Probe  
  114  8:44  Immortal  
  118  8:49  Robotics Facility  
  118  8:50  Gateway  
  118  8:51  Probe  
  119  9:07  Pylon  
  119  9:10  Nexus  
  119  9:12  Probe  
  119  9:13  Stalker x2  
  123  9:23  Stalker  
  123  9:24  Stalker x2  
  117  9:26  Stalker x2  
  117  9:30  Gateway  
  123  9:31  Gateway  
  123  9:41  Immortal (Chrono Boost)  
  127  9:47  Stalker x3  
  133  9:59  Immortal (Chrono Boost)  
  137  10:06  Zealot x2  
  137  10:07  Zealot x2  
  139  10:18  Observer (Chrono Boost)  
  132  10:26  Stalker  
  132  10:27  Stalker x3  
  140  10:30  Photon Cannon  
  140  10:44  Pylon  
  140  10:45  Pylon  
Tags
 
Add a new tag
Caveats
  • Supply blocks, unpowered buildings, or Contaminate may cause inaccurate times.
  • Supply counts are checked every 10 seconds.